 Dungeon Crawl Stone Soup version 0.31-a0-174-g85c54bcb58 (webtiles) character file.

Game seed: 10239586866220408793

196 qw the Shooter (level 5, -9/32 HPs)
             Began as a Gargoyle Hunter on June 15, 2023.
             Was an Initiate of Okawaru.
             Mangled by a two-headed ogre
             ... wielding a +0 giant spiked club
              (19 damage)
             ... on level 4 of the Dungeon.
             The game lasted 00:00:54 (2531 turns).

qw the Shooter (Gargoyle Hunter)                    Turns: 2531, Time: 00:00:54

Health: -9/32      AC: 10    Str: 24    XL:     5   Next: 75%
Magic:  5/5        EV: 12    Int: 14    God:    Okawaru [......]
Gold:   208        SH:  0    Dex: 19    Spells: 4/4 levels left

rFire   . . .        Y - +0 shortbow
rCold   . . .        (shield currently unavailable)
rNeg    + . .        j - +4 robe of Augmentation {Str+4 Int+4 Dex+4}
rPois   inf          (no helmet)
rElec   +            (no cloak)
rCorr   .            (no gloves)
SInv    .            (no boots)
Will    .....        (no amulet)
Stlth   ++           a - +6 ring of strength
HPRegen 0.25/turn    (no ring)
MPRegen 0.09/turn

%: no passive effects
@: no status effects
A: sickness immunity, AC +4, negative energy resistance 1, electricity
resistance, torment resistance 1, petrification resistance
a: Renounce Religion


You were on level 4 of the Dungeon.
You worshipped Okawaru.
Okawaru was noncommittal.
You visited 2 branches of the dungeon, and saw 5 of its levels.

You collected 208 gold pieces.


Innate Abilities, Weirdness & Mutations

You are immune to sickness and miasma.
Your stone body is resilient. (AC +4)
You are immune to poison.
You resist negative energy. (rN+)
You are resistant to electric shocks. (rElec)
You are resistant to unholy torment.
You are immune to petrification.


   Skills:
 - Level 3.0 Fighting
 - Level 6.0 Ranged Weapons
 - Level 2.4 Armour
 + Level 1.5 Dodging
 - Level 1.1 Stealth


You had 4 spell levels left.
You didn't know any spells.
Your spell library was empty.

Inventory:

Hand Weapons
 Y - a +0 shortbow (weapon)
Armour
 j - the +4 robe of Augmentation (worn) {Str+4 Int+4 Dex+4}
   (You found it on level 3 of the Dungeon)

   Str:       It affects your strength (+4).
   Int:       It affects your intelligence (+4).
   Dex:       It affects your dexterity (+4).
Jewellery
 a - a +6 ring of strength (left hand)
 m - a ring of fire
Scrolls
 f - 2 scrolls of teleportation
 i - 2 scrolls of identify
Potions
 b - a potion of mutation {unknown}
 c - a potion of degeneration {unknown}
 d - 2 potions of enlightenment {unknown}
 e - a potion of lignification {unknown}
 h - 3 potions of might
 k - a potion of berserk rage {unknown}
 l - a potion of heal wounds

Dungeon Overview and Level Annotations

Branches:
Dungeon (4/15)             Temple (1/1) D:4

Altars:
Ashenzari
Dithmenos
Elyvilon
Gozag
Kikubaaqudgha
Makhleb
Nemelex Xobeh
Okawaru
Qazlal
Sif Muna
Trog
Uskayaw
Wu Jian
Xom
Yredelemnul
Zin
The Shining One


Message History

What level of the Dungeon? (default 4, ? - help) Press < or > to pray at altars.
There is a burning altar of Makhleb here.
There is a fountain of clear blue water here.
There is a staircase back to the Dungeon here.
You climb upwards.
Welcome back to the Dungeon!
There is a staircase to the Ecumenical Temple here.
You now have 208 gold pieces (gained 13).
i - 2 scrolls of identify (gained 1)
There is a stone staircase leading up here.
You see here a +0 chain mail.
Found a club.
Enter note:
Enter note:
d - 2 fizzy brown potions
Enter note:
Enter note:
Found a mace.
Enter note:
Enter note: A two-headed ogre comes into view.
It is wielding a +0 giant spiked club and a +0 giant club.
Enter note:
Enter note: You shoot an arrow.
The arrow hits the two-headed ogre.
The two-headed ogre shouts in stereo!
The two-headed ogre is lightly wounded.
Enter note:
Enter note: You shoot an arrow.
The arrow hits the two-headed ogre.
The two-headed ogre is lightly wounded.
The two-headed ogre closely misses you. x2
You shoot an arrow. The arrow hits the two-headed ogre!
The two-headed ogre is moderately wounded.
You shoot an arrow.
The arrow barely misses the two-headed ogre.
The two-headed ogre hits you with a +0 giant spiked club!!
Ouch! That really hurt!
The two-headed ogre hits you with a +0 giant club!!
Ouch! That really hurt!
You die...

####..#.............#
............<####...#
##########.#.# #...#
#.#.# ##.## #.#.# #.#
##########.#.# #.#
...........#.# #.#
############.#####.#####
...........@......#
#######.###O#.#.#.# #.#
...).. #.#.#.#.#.#
#.#.#.....# #.# ### ###
..# ###


You could see a two-headed ogre.

Vanquished Creatures
  A hound (D:4)
  A sleepcap (D:4)
  Jessica (D:2)
  5 adders
  A worm (D:3)
  A dart slug (D:2)
  10 orcs (D:3)
  5 ball pythons
  6 endoplasms
  A giant cockroach (D:4)
  3 goblins
  8 hobgoblins
  2 quokkas
  4 bats
  A frilled lizard (D:3)
  3 kobolds
53 creatures vanquished.

Notes
Turn   | Place    | Note
-------+----------+-------------------------------------------
     0 | D:1      | qw the Gargoyle Hunter began the quest for the Orb.
     0 | D:1      | Reached XP level 1. HP: 12/12 MP: 1/1
     0 | D:1      | 0 ||| qw: Version: 0.2-a-29-g511e9b1
     0 | D:1      | 0 ||| qw: Game counter: 5313
     0 | D:1      | 0 ||| qw: Always use a shield: true
     0 | D:1      | 0 ||| qw: God list: Okawaru
     0 | D:1      | 0 ||| qw: Allow faded altars: false
     0 | D:1      | 0 ||| qw: Do Orc after D:15 true
     0 | D:1      | 0 ||| qw: Do second Lair branch before Depths: true
     0 | D:1      | 0 ||| qw: Lair rune preference: random
     0 | D:1      | 0 ||| qw: Plans: Normal, Zot:1-4, Slime:5, God:TSO, Crypt,
                  | Tomb, Abyss, Pan, Hells, Win
     0 | D:1      | 0 ||| PLANNING D:1-11
   133 | D:1      | Reached XP level 2. HP: 17/17 MP: 2/2
   390 | D:1      | 390 ||| UPGRADING to +0 ring mail.
   400 | D:1      | 400 ||| DROPPING +0 leather armour.
   401 | D:1      | 401 ||| READING scroll labelled MYHOCK UMIPS.
   402 | D:1      | 402 ||| READING 2 scrolls labelled SUNU TETSUPSA.
   406 | D:1      | 406 ||| READING 2 scrolls labelled QOQUFO VYCIFUWUZ.
   407 | D:1      | 407 ||| READING scroll labelled TEKHLU DA QIHONK.
   417 | D:1      | 417 ||| READING scroll labelled QUNAN DANI.
   418 | D:1      | 418 ||| READING scroll labelled UJARAO CIYFY.
   419 | D:1      | 419 ||| DRINKING 3 yellow potions.
   420 | D:1      | 420 ||| DRINKING 2 dark potions.
   421 | D:1      | 421 ||| DROPPING scroll of butterflies.
   605 | D:2      | Noticed Jessica
   610 | D:2      | Killed Jessica
   611 | D:2      | Reached XP level 3. HP: 21/21 MP: 3/3
   925 | D:2      | Found a white marble altar of Elyvilon.
  1031 | D:2      | Reached XP level 4. HP: 26/26 MP: 4/4
  1097 | D:2      | 1097 ||| UPGRADING to +6 ring of strength.
  1184 | D:3      | Reached skill level 5 in Ranged Weapons
  1390 | D:3      | Reached skill level 3 in Fighting
  1495 | D:3      | Found the +4 robe of Augmentation {Str+4 Int+4 Dex+4}
  1528 | D:3      | Reached XP level 5. HP: 32/32 MP: 5/5
  1743 | D:3      | 1743 ||| UPGRADING to +4 robe of Augmentation {Str+4 Int+4
                  | Dex+4}.
  1753 | D:3      | 1753 ||| DROPPING +0 ring mail.
  1754 | D:3      | 1754 ||| DROPPING amulet of magic regeneration.
  2000 | D:4      | Found a staircase to the Ecumenical Temple.
  2001 | D:4      | 2001 ||| PLANNING TEMPLE
  2010 | D:4      | Reached skill level 6 in Ranged Weapons
  2014 | Temple   | Entered the Ecumenical Temple
  2082 | Temple   | 2082 ||| PLANNING OKAWARU WORSHIP
  2311 | Temple   | Became a worshipper of Warmaster Okawaru
  2312 | Temple   | 2312 ||| PLANNING D:1-11
  2526 | D:4      | Noticed a two-headed ogre
  2531 | D:4      | Mangled by a two-headed ogre

Levels and vault maps discovered:
D:1:      nzn_arrival_depleted_hourglass, layout_rooms
D:2:      layout_loops_ring, basic_altar, uniq_jessica
D:3:      layout_basic
D:4:      layout_loops_ring, minmay_temple_entry_stoned_glass, uniq_pikel
Temple:   minmay_temple_bridge_d

Skill      XL: |  1  2  3  4  5 |
---------------+----------------+-----
Armour         | 2 |  2.4
Ranged Weapons | 5 6 |  6.0
Fighting       | 3 |  3.0
Dodging        | |  1.5
Stealth        | |  1.1

Action                     |  1- 3 |  4- 6 || total
---------------------------+-------+-------++-------
   Fire: Shortbow          |    77 |   120 ||   197
    Use: Scroll            |     6 |       ||     6
         Potion            |     2 |       ||     2
 Armour: Ring mail         |    14 |    13 ||    27
         Leather armour    |     1 |       ||     1
         Robe              |       |    16 ||    16
  Dodge: Dodged            |    23 |    41 ||    64

Table legend:
 A = Non-vault XP
 B = Vault XP
 C = Vault XP percentage of total XP
 D = Non-vault monster count
 E = Vault monster count
 F = Vault count percentage of total count
                 A         B        C        D         E       F
            +---------+---------+-------+---------+---------+-------
      Total |     244 |      37 |  13.2 |      52 |       1 |   1.9
            +---------+---------+-------+---------+---------+-------
        D:1 |      13 |       0 |   0.0 |       8 |       0 |   0.0
        D:2 |      41 |      37 |  47.4 |      15 |       1 |   6.2
        D:3 |      75 |       0 |   0.0 |      20 |       0 |   0.0
        D:4 |     115 |       0 |   0.0 |       9 |       0 |   0.0
            +---------+---------+-------+---------+---------+-------
